 Dungeon Crawl Stone Soup version 0.32-a0-975-g85d4e5bfdb (webtiles) character file.

Game seed: 2362751624047636076

2154405 runemasterragnar the Imperceptible (level 27, 261/261 HPs)
             Began as an Octopode Shapeshifter on Apr 16, 2024.
             Was an Initiate of Gozag.
             Escaped with the Orb
             ... and 4 runes on Apr 19, 2024!
             The game lasted 03:12:59 (81235 turns).

runemasterragnar the Imperceptible (OpSh)          Turns: 81235, Time: 03:12:59

Health: 261/261    AC: 43    Str: 32    XL:     27
Magic:  35/35      EV: 28    Int: 10    God:    Gozag
Gold:   3622       SH: 18    Dex: 20    Spells: 3/43 levels left

rFire   + .          .
                       - Unarmed
rCold   + . .        s - +5 kite shield {reflect}
rNeg    + + +        R - +2 hood of the Assassin {Detect Stab+ Stlth++}
rPois   ∞            I - amulet "Sietom" {Spirit rC+ rN+ Dex+4}
rElec   +            Y - ring of the Nine Dreams {AC+4 SInv Stlth+}
rCorr   +            M - ring of protection from cold
SInv    +            X - ring of Disaster {Fire rPois rN++ Str+5 Dex-2 Stlth+}
Will    ++++.        U - +4 ring of protection
Stlth   +++++        j - +4 ring of slaying
HPRegen 0.63/turn    V - ring of Greed {Will+ rCorr}
MPRegen 0.24/turn    W - ring of the Zebrataur {EV+5 Str+3}
                     b - ring "Illiraich" {rElec Will+ Str+3}

%: reflection, guardian spirit
@: statue-form, studying 2 skills, very slow
A: slow and powerful, torment resistance 1, boosted hp, almost no armour,
amphibious, 8 rings, camouflage 1, (gelatinous body 1), (nimble swimmer 1),
tentacles, agile 1, dopey 2
0: Orb of Zot
}: 4/15 runes: serpentine, barnacled, slimy, silver
a: Begin Untransformation, Renounce Religion, Potion Petition, Call Merchant,
Bribe Branch


You escaped.
You worshipped Gozag.
Gozag was most pleased with you.
You were a living statue of rough stone.
You visited 12 branches of the dungeon, and saw 56 of its levels.
You visited 1 bazaar.
You also visited: Ice Cave.

You collected 35453 gold pieces.
You spent 5412 gold pieces at shops.
You paid 26419 gold pieces to Gozag.

Inventory:

Armour
 s - a +5 kite shield of reflection (worn)
 t - a +5 kite shield of fire resistance
 R - the +2 hood of the Assassin (worn) {Detect Stab+ Stlth++}
   (You acquired it on level 12 of the Dungeon)

   Detect:    It allows the wearer to sense nearby creatures.
   Stab+:     It allows the wearer to make particularly effective stabbing
   attacks against helpless or unaware enemies with any weapon.
   Stlth++:   It makes you much more stealthy.
Jewellery
 b - the ring "Illiraich" (on tentacle) {rElec Will+ Str+3}
   (You bought it in a shop on level 8 of the Dungeon)

   [ring of willpower]

   Str+3:     It affects your strength (+3).
   rElec:     It insulates you from electricity.
   Will+:     It increases your willpower.
 j - a +4 ring of slaying (on tentacle)
 A - a ring of fire
 H - the amulet "Arphaduru" {Spirit rPois Will++ Str-5 Int+4}
   (You took it off a merfolk on level 4 of the Shoals)

   [amulet of guardian spirit]

   Spirit:    It causes incoming damage to be divided between your reserves of
   health and magic.
   Str-5:     It affects your strength (-5).
   Int+4:     It affects your intelligence (+4).
   rPois:     It protects you from poison.
   Will++:    It greatly increases your willpower.
 I - the amulet "Sietom" (around mantle) {Spirit rC+ rN+ Dex+4}
   (You bought it in a shop on level 2 of the Orcish Mines)

   [amulet of guardian spirit]

   Spirit:    It causes incoming damage to be divided between your reserves of
   health and magic.
   Dex+4:     It affects your dexterity (+4).
   rC+:       It protects you from cold.
   rN+:       It protects you from negative energy.
 M - a ring of protection from cold (right tentacle)
 U - a +4 ring of protection (on tentacle)
 V - the ring of Greed (on tentacle) {Will+ rCorr}
   (You acquired it on level 5 of the Lair of Beasts)

   [ring of willpower]

   Will+:     It increases your willpower.
   rCorr:     It protects you from acid and corrosion.
 W - the ring of the Zebrataur (on tentacle) {EV+5 Str+3}
   (You bought it in a shop on level 8 of the Dungeon)

   [ring of evasion]

   EV+5:      It affects your evasion (+5).
   Str+3:     It affects your strength (+3).
 X - the ring of Disaster (on tentacle) {Fire rPois rN++ Str+5 Dex-2 Stlth+}
   (You found it on level 3 of the Crypt)

   [ring of fire]

   Fire:      It enhances your fire magic.
   Str+5:     It affects your strength (+5).
   Dex-2:     It affects your dexterity (-2).
   rF+:       It protects you from fire.
   rC-:       It makes you vulnerable to cold.
   rPois:     It protects you from poison.
   rN++:      It greatly protects you from negative energy.
   Stlth+:    It makes you more stealthy.
 Y - the ring of the Nine Dreams (left tentacle) {AC+4 SInv Stlth+}
   (You took it off a tengu conjurer on level 1 of the Depths)

   [ring of protection]

   AC+4:      It affects your AC (+4).
   SInv:      It lets you see invisible.
   Stlth+:    It makes you more stealthy.
Talismans
 q - a storm talisman
 x - the dragon-blood talisman of the Slightly Bent {Str+4 Int-3 Dex+3 Stlth+}
   (You found it on level 3 of the Realm of Zot)

   [dragon-blood talisman]

   Str+4:     It affects your strength (+4).
   Int-3:     It affects your intelligence (-3).
   Dex+3:     It affects your dexterity (+3).
   Stlth+:    It makes you more stealthy.
 T - a granite talisman (active)
Wands
 n - a wand of flame (152)
 D - a wand of digging (16)
 E - a wand of light (19)
 G - a wand of paralysis (45)
 J - a wand of mindburst (18)
 N - a wand of iceblast (40)
 S - a wand of polymorph (11)
Scrolls
 e - 6 scrolls of poison
 g - 6 scrolls of fog
 m - 3 scrolls of fear
 v - 2 scrolls of butterflies
 w - a scroll of amnesia
 y - 7 scrolls of silence
 C - 4 scrolls of revelation
 F - 21 scrolls of teleportation
 K - 5 scrolls of vulnerability
 L - 3 scrolls of torment
 O - 2 scrolls of blinking
Potions
 d - 19 potions of curing
 f - 4 potions of invisibility
 h - 6 potions of brilliance
 i - 6 potions of enlightenment
 k - 4 potions of resistance
 o - 2 potions of haste
 p - 10 potions of attraction
 r - 8 potions of cancellation
 u - a potion of might
 z - 8 potions of mutation
 B - 2 potions of magic
 P - 7 potions of heal wounds
 Q - 2 potions of berserk rage
Miscellaneous
 a - a lightning rod (4/4)
 c - a condenser vane
 l - a phantom mirror
 Z - a phial of floods


   Skills:
 + Level 19.9 Fighting
 - Level 17.1 Dodging
 - Level 23.2 Stealth
 - Level 12.4 Shields
 + Level 19.9 Unarmed Combat
 - Level 8.8 Spellcasting
 - Level 10.0 Conjurations
 - Level 5.3 Necromancy
 * Level 20.0 Translocations
 - Level 16.3 Evocations
 + Level 21.4 Shapeshifting


You had 3 spell levels left.
You knew the following spells:

 Your Spells              Type           Power      Damage    Failure   Level
a - Apportation           Tloc           88%        N/A       0%          1
b - Iskenderun's Mystic Conj/Tloc 34%            2d8        (+2d4     1%          4
c - Fire Storm            Conj/Fire      10%        8d3       100%        9
d - Fugue of the Fallen   Necr           15%        N/A       8%          3
e - Dispersal             Tloc           22%        N/A       1%          6
f - Manifold Assault      Tloc           22%        N/A       5%          7
g - Vhi's Electric Charg  Tloc/Air       48%        N/A       3%          4
h - Gell's Gavotte        Tloc           22%        2d(21-31) 1%          6

Your spell library contained the following spells:

 Spells                   Type           Power      Damage    Failure   Level
 Kiss of Death            Conj/Necr      76%        2d11      1%          1
 Maxwell's Portable Pile  Tloc           44%        2d(9-26)  1%          3
 Teleport Other           Tloc           44%        N/A       1%          3
 Volatile Blastmotes      Fire/Tloc      72%        2d16      1%          3
 Necrotise                Necr           60%        1d7       2%          1
 Foxfire                  Conj/Fire      84%        2x1d8     3%          1
 Sting                    Conj/Alch      56%        1d6       3%          1
 Vampiric Draining        Necr           15%        2d7       8%          3
 Dazzling Flash           Conj/Hex       28%        N/A       9%          3
 Hailstorm                Conj/Ice       14%        3d6       9%          3
 Stone Arrow              Conj/Erth      28%        3d8       9%          3
 Mephitic Cloud           Conj/Alch/Air  11%        N/A       17%         3
 Freeze                   Ice            16%        1d4       22%         1
 Slow                     Hex            16%        N/A       22%         1
 Summon Small Mammal      Summ           16%        N/A       22%         1
 Call Imp                 Summ           8%         N/A       34%         2
 Ensorcelled Hibernation  Hex/Ice        8%         N/A       34%         2
 Jinxbite                 Hex            8%         N/A       34%         2
 Scorch                   Fire           12%        2d5       34%         2
 Call Canine Familiar     Summ           4%         N/A       56%         3
 Confusing Touch          Hex            4%         N/A       56%         3
 Frozen Ramparts          Ice            8%         1d2       56%         3
 Inner Flame              Hex/Fire       6%         N/A       56%         3
 Passwall                 Erth           4%         N/A       56%         3
 Sigil of Binding         Hex            4%         N/A       56%         3
 Summon Ice Beast         Ice/Summ       4%         N/A       56%         3
 Swiftness                Air            4%         N/A       56%         3
 Tukima's Dance           Hex            4%         N/A       56%         3
 Dimensional Bullseye     Hex/Tloc       12%        N/A       3%          4
 Iskenderun's Battlesphe  Conj           24%        2d8       11%         5
 Summon Forest            Summ/Tloc      12%        N/A       11%         5
 Dispel Undead            Necr           15%        3d10      26%         4
 Brom's Barrelling Bould  Conj/Erth      14%        2d4       28%         4
 Flame Wave               Conj/Fire      21%        2d8       28%         4
 Fulminant Prism          Conj/Alch      7%         3d6       28%         4
 Disjunction              Tloc           22%        N/A       38%         8
 Curse of Agony           Necr           15%        N/A       56%         5
 Anguish                  Hex/Necr       4%         N/A       58%         4
 Martyr's Knell           Necr/Summ      9%         N/A       58%         4
 Arcjolt                  Conj/Air       7%         1d17      63%         5
 Freezing Cloud           Conj/Ice/Air   5%         6-21      85%         5
 Cause Fear               Hex            2%         N/A       92%         4
 Leda's Liquefaction      Alch/Erth      2%         N/A       92%         4
 Petrify                  Alch/Erth      4%         N/A       92%         4
 Summon Blazeheart Golem  Fire/Summ      6%         N/A       92%         4
 Summon Lightning Spire   Summ/Air       4%         N/A       92%         4
 Malign Gateway           Summ/Tloc      12%        N/A       97%         7
 Orb of Destruction       Conj           12%        9d7       97%         7
 Alistair's Intoxication  Alch           2%         N/A       99%         5
 Lee's Rapid Deconstruct  Erth           2%         3d4*      99%         5
 Metabolic Englaciation   Hex/Ice        2%         N/A       99%         5
 Silence                  Hex/Air        2%         N/A       99%         5
 Summon Mana Viper        Hex/Summ       4%         N/A       99%         5
 Bombard                  Conj/Erth      7%         9d2       99%         6
 Conjure Ball Lightning   Conj/Air       7%         3x3d6     99%         6
 Starburst                Conj/Fire      10%        6d5       99%         6
 Plasma Beam              Fire/Air       3%         2x1d13    100%        6
 Sculpt Simulacrum        Ice/Alch       2%         N/A       100%        6
 Summon Cactus Giant      Summ           2%         N/A       100%        6
 Haunt                    Necr/Summ      4%         N/A       100%        7
 Magnavolt                Erth/Air       2%         3d9       100%        7
 Ozocubu's Refrigeration  Ice            2%         4d7       100%        7
 Rimeblight               Ice/Necr       4%         2d3       (prima100%   7
 Seismic Cannonade        Alch/Erth      2%         6d4       100%        7
 Spellforged Servitor     Conj/Summ      7%         N/A       100%        7
 Summon Hydra             Summ           2%         N/A       100%        7
 Borgnjor's Revivificati  Necr           7%         N/A       100%        8
 Discord                  Hex            2%         N/A       100%        8
 Ignition                 Fire           3%         3d4       100%        8
 Lehudib's Crystal Spear  Conj/Erth      7%         10d3      100%        8
 Maxwell's Capacitive Co  Air            2%         ∞         100%        8
 Polar Vortex             Ice            2%         N/A       100%        9
 Sublimation of Blood     Necr           Unusable   N/A       N/A         2
 Animate Dead             Necr           Unusable   N/A       N/A         4
 Animate Armour           Summ/Erth      Unusable   N/A       N/A         4

Dungeon Overview and Level Annotations

Branches:
Dungeon (15/15)            Temple (1/1) D:5            Lair (5/5) D:8
 Shoals (4/4) Lair:2        Snake (4/4) Lair:2        Slime (5/5) Lair:4
    Orc (2/2) D:12            Elf (3/3) Orc:2        Vaults (5/5) D:13
  Crypt (3/3) Vaults:2       Tomb (0/3) Crypt:3      Depths (4/4) D:15
    Zot (5/5) Depths:4      IceCv (visited)

Altars:
Ashenzari
Cheibriados
Dithmenos
Elyvilon
Fedhas
Gozag
Hepliaklqana
Kikubaaqudgha
Makhleb
Nemelex Xobeh
Okawaru
Qazlal
Ru
Sif Muna
Trog
Uskayaw
Vehumet
Wu Jian
Xom
Yredelemnul
Zin
The Shining One
Jiyva

Shops:
D:7 ?   D:8 =   D:13 [   Orc:1 ?   Orc:2 [(*=   Elf:3 (=   Shoals:3 *
Shoals:4 (   Vaults:4 [   Vaults:5 [(   Depths:1 **   Depths:3 =:=

Portals:
Hell: Depths:1 Depths:2 Depths:3 Depths:4
Abyss: Depths:1 Depths:2 Depths:3 Depths:4
Pandemonium: Depths:2 Depths:4
Ziggurat: Depths:3

Annotations:
D:14 3 runed translucent doors, Aqeufiess's ghost, journeyman OpFE
Lair:1 exclusion: oklob plant
Snake:2 3 runed translucent doors, Shayle's ghost, adept CoAl
Elf:2 36 runed translucent doors


Innate Abilities, Weirdness & Mutations

You are a living statue of rough stone.
Your actions are slow, but your melee attacks are powerful.
You are resistant to unholy torment.
Your maximum health is greatly increased.
You cannot wear most types of armour.
You are amphibious.
You can wear up to eight rings at the same time.
You are immune to poison.
Your skin changes colour to match your surroundings (Stealth+).
((Your rubbery body absorbs attacks. (AC +1, EV +1)))
((You are camouflaged when in or above water. (Stealth+)))
You have tentacles for arms and can constrict up to eight enemies at once.
You are agile. (Dex +4, Str/Int -1)
You are very dopey. (Int -4)


Message History

You now have 3617 gold pieces (gained 9).
There is an open door here.
There is a stone staircase leading up here.
You climb upwards.
There is a stone staircase leading down here.
HP restored.
There is a stone staircase leading up here.
You climb upwards.
There is a stone staircase leading down here.
Magic restored.
There is a stone staircase leading up here.
You climb upwards.
There is a stone staircase leading down here.
There is a stone staircase leading up here.
You climb upwards.
There is a stone staircase leading down here.
A lorocyproca comes into view.
What level of the Dungeon? (default 1, ? - help)
Okay, then.
There is an open door here.
The lorocyproca completely misses you.
You thrash the lorocyproca!!!! You grab the lorocyproca.
You squeeze the lorocyproca!
You kill the lorocyproca!
You now have 3622 gold pieces (gained 5).
There is a snail-covered altar of Cheibriados here.
What level of the Dungeon? (default 1, ? - help)
There is an open door here.
A tormentor comes into view.
There is a stone staircase leading up here.
You climb upwards.
There is a stone staircase leading down here.
What level of the Dungeon? (default 1, ? - help)
There is a stone staircase leading up here.
You climb upwards.
There is a stone staircase leading down here.
Okay, then.
There is a staircase leading out of the dungeon here.
You can't go down here!
You have escaped!

.###.#####.........#
...................##
####.####..†........#####
...#.# ###.............##
...#.# #........####..#
...#.# #........##...##
...#.#### ##.#####.##.###
.....(..## #..##>.....#
÷...###..####.##I...#.#
.....)÷#..###.##..###.##
...÷...##........## #..#
##..##...###...### ##.#
#..##.....#.....# #.#
##.###......#.#.# #.#
#####.#..###.#.# #†#
#####......[#...#####)#
##........#.^.#.....##.#


There were no monsters in sight!

Vanquished Creatures
  2 dread liches
  Frederick (Vaults:5)
  An orb of fire (Zot:1)
  Tiamat (Zot:2)
  An ancient lich (Depths:3)
  A juggernaut (Depths:3)
  Mennas (Crypt:1)
  Sojobo (Depths:4)
  Parghit (Zot:4)
  5 Killer Klowns
  A shard shrike (Slime:5)
  Saint Roka (Depths:1)
  6 curse toes
  7 caustic shrikes
  17 golden dragons
  A profane servitor (D:10)
  2 pandemonium lords
  3 bone dragons
  A shard shrike zombie (Crypt:3)
  2 Brimstone Fiends
  5 electric golems
  20 tentacled monstrosities
  6 liches
  18 Orb Guardians
  6 quicksilver dragons
  3 walking crystal tomes (Depths:3)
  A titan (Vaults:5)
  2 deep elf blademasters (Elf:3)
  2 walking earthen tomes (Depths:3)
  6 sphinxes
  2 deep elf master archers (Elf:3)
  3 walking frostbound tomes (Depths:3)
  4 walking divine tomes (Depths:3)
  Polyphemus (Shoals:4)
  5 death cobs
  15 acid blobs
  2 ancient champions
  18 storm dragons
  14 shadow dragons
  14 tengu reavers
  Donald (Vaults:3)
  A revenant (Crypt:3)
  5 nagarajas
  6 rockslimes
  16 azure jellies
  5 protean progenitors
  5 draconian knights
  14 fire giants
  Aizul (Shoals:2)
  10 deep elf sorcerers
  4 draconian shifters
  17 frost giants
  6 draconian monks
  4 draconian scorchers
  3 juggernaut zombies
  12 vault wardens
  An iron dragon (Depths:2)
  A caustic shrike zombie (Depths:3)
  2 orc warlords
  5 reapers
  3 curse skulls
  2 ghouls
  5 deep elf elementalists (Elf:3)
  2 draconian stormcallers (Zot:2)
  4 angels (Zot:4)
  24 ironbound preservers
  12 quicksilver oozes
  18 stone giants
  10 draconian annihilators
  2 spriggan defenders (Depths:3)
  23 very ugly things
  A juggernaut skeleton (Crypt:1)
  5 vampire knights
  16 purple draconians
  A lorocyproca (D:3)
  5 deep elf demonologists
  4 formless jellyfish
  9 green draconians
  13 deep elf death magi
  8 black draconians
  7 ironbound thunderhulks
  Nessos (D:13)
  3 war gargoyles
  17 yellow draconians
  8 deep elf annihilators (Elf:3)
  7 red draconians
  6 dire elephants
  11 white draconians
  6 spark wasps
  9 ettins
  A crystal guardian (Vaults:3)
  10 merfolk impalers
  A blizzard demon (Depths:3)
  3 merfolk javelineers
  A mummy priest (Crypt:3)
  14 eidola
  Josephine (D:12)
  7 yaktaur captains
  9 deep elf high priests
  22 vault guards
  A spriggan zombie (Crypt:3)
  6 jiangshi
  4 entropy weavers
  17 fire dragons
  19 ice dragons
  Fannar (D:10)
  2 salamander tyrants
  11 great orbs of eyes
  6 peacekeepers
  2 rakshasas
  5 spriggan air magi
  An anaconda (shapeshifter) (Zot:4)
  2 merfolk avatars
  4 hydras
  3 ogre magi (Vaults:5)
  3 centaur warriors
  4 boulder beetles
  A death knight (D:14)
  20 dancing weapons
  11 ironbound frosthearts
  8 anacondas
  4 catoblepae
  An alligator snapping turtle (Shoals:1)
  A sphinx skeleton (D:13)
  12 two-headed ogres
  3 hell hogs (Depths:1)
  3 merfolk aquamancers
  2 sphinx zombies (D:13)
  8 death yaks
  4 satyrs
  3 tengu warriors
  7 deep troll shamans
  5 spriggan berserkers
  3 occultists (Depths:2)
  15 naga warriors
  6 orc high priests
  8 deep troll earth magi
  17 deep elf knights
  8 vampire magi
  8 shock serpents
  10 soul eaters
  Sonja (D:11)
  13 naga sharpshooters
  2 sun demons (Depths:1)
  2 bunyip zombies (Crypt:3)
  9 hell knights
  5 skysharks
  4 goliath frogs
  12 deep elf archers
  63 deep trolls
  2 titan skeletons (Crypt:3)
  A sixfirhy (D:10)
  A spark wasp zombie (Crypt:1)
  17 skeletal warriors
  6 salamander mystics
  2 iron trolls
  3 golden dragon zombies
  8 sea snakes
  2 death drakes
  2 glowing orange brains (Depths:3)
  10 naga ritualists
  An anaconda skeleton (Crypt:1)
  8 flayed ghosts
  A storm dragon skeleton (Crypt:3)
  A shadow demon (Zot:4)
  An orange crystal statue (IceCv)
  10 mana vipers
  5 arcanists
  A swamp dragon (Zot:3)
  A shadow dragon zombie (Crypt:3)
  17 harpies
  2 obsidian bats (Orc:1)
  A bunyip skeleton (Crypt:3)
  15 ironbound convokers
  An obsidian statue (Elf:3)
  14 deep elf zephyrmancers
  3 thermic dynamos (Elf:3)
  A bog body (Crypt:1)
  17 phantasmal warriors
  21 lindwurms
  Pikel (D:8)
  29 deep elf pyromancers
  16 necromancers
  A large abomination (D:10)
  A harpy (shapeshifter) (Elf:3)
  6 orc knights
  A frost giant zombie (Depths:1)
  A fire giant zombie (D:13)
  4 orc sorcerers
  A faun (shapeshifter) (Vaults:5)
  36 ugly things
  2 wolf spiders
  An iron dragon zombie (Crypt:2)
  2 shining eyes
  2 iron dragon skeletons
  18 salamanders
  15 manticores
  Maurice (D:7)
  3 tengu skeletons
  2 jorogumo skeletons (Crypt:2)
  16 fauns
  2 elephants (shapeshifter)
  6 guardian serpents
  13 cyclopes
  3 meliai (D:12)
  11 elephants
  10 merfolk sirens
  17 vault sentinels
  6 kobold blastminers (Orc:2)
  A formless jellyfish zombie (Crypt:1)
  2 fire giant skeletons (D:13)
  72 slime creatures
  47 black mambas
  3 smoke demons (Depths:1)
  22 moths of wrath
  A stone giant skeleton (Crypt:3)
  9 water nymphs
  An eye of devastation (Slime:2)
  13 centaur zombies
  A dire elephant zombie (Crypt:3)
  10 cane toads
  15 naga magi
  A water nymph (shapeshifter) (Vaults:1)
  3 eyes of devastation (shapeshifter)
  A centaur skeleton (Crypt:3)
  A gargoyle (D:14)
  3 molten gargoyles (Lair:5)
  3 hellions
  A dire elephant skeleton (Crypt:3)
  2 naga skeletons (Crypt:3)
  A redback zombie (D:14)
  22 rime drakes
  7 tengu conjurers
  3 freezing wraiths
  2 death yak skeletons
  12 komodo dragons
  Psyche (D:8)
  29 yaktaurs
  An iron troll zombie (Crypt:2)
  A guardian mummy (Crypt:3)
  6 harpy zombies
  9 trolls
  2 hornets (D:9)
  A harpy skeleton (Crypt:3)
  6 wind drakes
  2 hornets (shapeshifter)
  13 hellwings (Crypt:3)
  Grinder (D:6)
  19 polar bears
  31 merfolk
  4 jumping spiders (Crypt:3)
  A tarantella (Vaults:4)
  14 dream sheep
  A blink frog (shapeshifter) (Elf:2)
  4 glass eyes
  A tarantella zombie (Crypt:1)
  A fire giant simulacrum (Depths:1)
  An ettin zombie (Crypt:3)
  3 meliai zombies (D:14)
  10 snapping turtles
  A spriggan skeleton (D:13)
  2 ettin skeletons (Crypt:3)
  A fire dragon skeleton (Crypt:1)
  6 shadows
  3 vampires
  17 wraiths
  31 yaks
  21 water elementals
  3 air elementals
  2 wargs (Orc:1)
  7 wyverns
  3 fire elementals
  7 basilisks
  An ushabti (Crypt:3)
  Eustachio (D:5)
  Grum (D:11)
  7 redbacks
  2 steam dragons
  11 vampire mosquitoes
  2 chaos spawn (Zot:4)
  Menkaure (D:6)
  42 nagas
  A naga (shapeshifter) (Elf:2)
  2 acid dragons
  2 naga zombies (Crypt:3)
  17 water moccasins
  3 hell hounds (Lair:5)
  23 orc warriors
  5 black bears
  13 laughing skulls
  A sky beast (D:7)
  26 wolves
  2 ogres
  4 centaurs
  A phantom (D:6)
  16 bullfrogs
  3 kobold brigands (D:8)
  2 gnoll sergeants
  A small abomination (D:9)
  2 earth elementals
  A scorpion (D:7)
  5 wyvern skeletons (Crypt:3)
  5 killer bees (D:7)
  2 electric eels
  7 howler monkeys
  4 lava snakes (Lair:5)
  3 bombardier beetles
  6 hounds
  3 jellies
  21 orc priests
  A sleepcap (D:6)
  Ijyb (D:3)
  12 hell rats
  3 iguanas
  25 orc wizards
  A deep dwarf zombie (Crypt:1)
  A boggart simulacrum (D:15)
  A mummy (Crypt:3)
  7 gnolls
  9 adders
  13 river rats (Lair:3)
  A steam dragon skeleton (Crypt:2)
  A white imp (D:7)
  4 ufetubi (D:6)
  4 dart slugs
  62 orcs
  9 ball pythons
  4 endoplasms
  7 giant cockroaches
  7 goblins
  4 hobgoblins
  6 jackals (D:1)
  23 kobolds
  8 quokkas
  3 bats
  4 frilled lizards
  14 rats
  2 aspiring fleshes
  A butterfly (Zot:4)
  A tentacle (Shoals:3)
2418 creatures vanquished.

Vanquished Creatures (collateral kills)
  An orb of fire (Zot:5)
  2 Killer Klowns (Zot:5)
  2 golden dragons (Zot:5)
  An electric golem (Zot:5)
  An Orb Guardian (Zot:5)
  2 titans (Vaults:5)
  A quicksilver dragon (Zot:5)
  A shadow dragon (Zot:5)
  A storm dragon (Vaults:5)
  A tengu reaver (Vaults:5)
  A draconian monk (Zot:5)
  A draconian stormcaller (Zot:5)
  A stone giant (Vaults:5)
  An ettin (Vaults:5)
  6 vault guards (Vaults:5)
  3 two-headed ogres (Vaults:5)
  An ogre mage (Vaults:5)
  An ironbound convoker (Vaults:5)
  A phantasmal warrior (Vaults:5)
  A moth of wrath (shapeshifter) (Vaults:5)
  A vault sentinel (Vaults:5)
  A jumping spider (shapeshifter) (Vaults:5)
  3 ogres (Vaults:5)
  3 orcs (Vaults:5)
38 creatures vanquished.

Vanquished Creatures (others)
  A dread lich (Zot:5)
  5 ancient liches
  3 orbs of fire (Zot:5)
  A Killer Klown (Zot:5)
  A Brimstone Fiend (Zot:5)
  7 Orb Guardians (Zot:5)
  2 titans (Vaults:5)
  A sphinx (Vaults:5)
  A tengu reaver (Vaults:5)
  A draconian monk (Zot:5)
  3 vault wardens (Vaults:5)
  A draconian knight (Zot:5)
  A deep elf sorcerer (Vaults:2)
  A fire giant (Vaults:5)
  2 frost giants (Vaults:5)
  A deep elf death mage (Vaults:5)
  A stone giant (Vaults:5)
  A green draconian (Zot:5)
  An ironbound thunderhulk (Vaults:5)
  A purple draconian (Zot:5)
  2 red draconians (Zot:5)
  2 yaktaur captains (Vaults:5)
  6 vault guards (Vaults:5)
  2 ogre magi (Vaults:5)
  A deep elf knight (Elf:3)
  A hell knight (Vaults:5)
  A deep elf archer (Vaults:2)
  A phantasmal warrior (Vaults:5)
  2 deep trolls
  3 ironbound convokers (Vaults:5)
  A deep elf zephyrmancer (Vaults:5)
  2 deep elf pyromancers (Vaults:5)
  3 vault sentinels (Vaults:5)
  A naga (Snake:3)
  An ogre (Vaults:5)
  An orc (D:8)
  A kobold (D:8)
  9 tentacles (Shoals:3)
76 creatures vanquished.

Grand Total: 2532 creatures vanquished

Notes
Turn   | Place    | Note
-------+----------+-------------------------------------------
     0 | D:1      | runemasterragnar the Octopode Shapeshifter began the quest
                  | for the Orb.
     0 | D:1      | Reached XP level 1. HP: 13/13 MP: 1/1
    68 | D:1      | Reached XP level 2. HP: 18/18 MP: 2/2
    98 | D:1      | Reached skill level 1 in Stealth
   117 | D:1      | Reached XP level 3. HP: 7/23 MP: 3/3
  1083 | D:2      | Reached XP level 4. HP: 29/29 MP: 4/4
  1179 | D:3      | Identified the +4 short sword of Insufficient Pleasure
                  | {freeze, Str+8 Int-3 Stlth-}
  1261 | D:3      | Found a snail-covered altar of Cheibriados.
  1268 | D:3      | Noticed Ijyb
  1288 | D:3      | Killed Ijyb
  1289 | D:3      | Reached skill level 2 in Stealth
  1492 | D:3      | Found a broken altar of Ashenzari.
  1495 | D:3      | Reached XP level 5. HP: 35/35 MP: 5/5
  1587 | D:3      | Found a shimmering blue altar of Sif Muna.
  1639 | D:3      | Found a shadowy altar of Dithmenos.
  1793 | D:3      | Found a glowing golden altar of the Shining One.
  1802 | D:3      | Reached skill level 1 in Evocations
  2215 | D:4      | Reached XP level 6. HP: 41/41 MP: 6/6
  2227 | D:4      | Reached skill level 3 in Stealth
  2913 | D:5      | Entered Level 5 of the Dungeon
  3106 | D:5      | Noticed a black bear
  3116 | D:5      | Killed a black bear
  3117 | D:5      | Reached XP level 7. HP: 31/46 MP: 7/7
  3663 | D:5      | Reached skill level 5 in Unarmed Combat
  3670 | D:5      | Noticed Eustachio
  3678 | D:5      | Killed Eustachio
  3679 | D:5      | Reached skill level 4 in Stealth
  3750 | D:5      | Found a staircase to the Ecumenical Temple.
  3771 | Temple   | Entered the Ecumenical Temple
  3996 | D:5      | Reached XP level 8. HP: 50/54 MP: 8/8
  4140 | D:6      | Got Suocsa's Enchiridion on Fever
  4419 | D:6      | Found an opulent altar of Gozag.
  4488 | D:6      | Became a worshipper of Gozag Ym Sagoz the Greedy
  4519 | D:6      | Noticed Grinder
  4524 | D:6      | Paralysed by Grinder for 2 turns
  4539 | D:6      | Killed Grinder
  4540 | D:6      | Reached skill level 5 in Fighting
  4540 | D:6      | Reached skill level 5 in Stealth
  5202 | D:6      | Noticed Menkaure
  5241 | D:7      | Noticed Maurice
  5246 | D:7      | Maurice stole a flux talisman
  5248 | D:7      | Maurice stole an amulet of faith
  5249 | D:7      | Killed Maurice
  5250 | D:7      | Reached XP level 9. HP: 47/62 MP: 3/9
  5474 | D:6      | Reached skill level 6 in Stealth
  5898 | D:7      | Reached skill level 5 in Dodging
  5936 | D:7      | Reached skill level 5 in Shapeshifting
  5949 | D:7      | Found a white marble altar of Elyvilon.
  6198 | D:7      | Found Zaso's Magic Scroll Emporium.
  6265 | D:8      | Found a staircase to the Lair.
  6346 | D:8      | Reached XP level 10. HP: 68/69 MP: 10/10
  6494 | D:8      | Reached skill level 7 in Stealth
  6914 | D:8      | Noticed Psyche
  6920 | D:8      | Killed Psyche
  6921 | D:8      | Reached skill level 5 in Evocations
  6984 | D:8      | Found a shimmering altar of Xom.
  7161 | D:8      | Identified the +3 short sword of Bile {spect, rF+ rC++
                  | Stlth-}
  7296 | D:8      | Noticed Pikel
  7302 | D:8      | Killed Pikel
  7573 | D:7      | Bought a scroll of acquirement for 624 gold pieces
  7573 | D:7      | Bought a scroll of identify for 24 gold pieces
  7573 | D:7      | Acquired 975 gold pieces
  7575 | D:7      | Bought a scroll of teleportation for 36 gold pieces
  7670 | D:9      | Noticed a two-headed ogre
  7791 | D:6      | Killed Menkaure
  8175 | D:9      | Reached skill level 8 in Stealth
  8554 | D:9      | Paralysed by a hornet for 3 turns
  8972 | D:9      | Killed a two-headed ogre
  8973 | D:9      | Reached XP level 11. HP: 64/78 MP: 11/11
  9071 | D:9      | Found a bloodstained altar of Trog.
  9144 | D:10     | Entered Level 10 of the Dungeon
  9417 | D:10     | Noticed a two-headed ogre
  9427 | D:10     | Killed a two-headed ogre
  9842 | D:10     | Noticed Fannar
  9857 | D:10     | Killed Fannar
  9858 | D:10     | Reached skill level 9 in Stealth
 10599 | D:11     | Noticed a two-headed ogre
 10617 | D:11     | Killed a two-headed ogre
 10649 | D:11     | Noticed Grum
 10653 | D:11     | Killed Grum
 10653 | D:11     | Noticed a brown ugly thing
 10679 | D:11     | Killed a brown ugly thing
 11186 | D:11     | Noticed Sonja
 11192 | D:11     | Killed Sonja
 11486 | D:11     | Reached skill level 10 in Unarmed Combat
 11939 | Lair:1   | Entered Level 1 of the Lair of Beasts
 12291 | Lair:1   | Reached XP level 12. HP: 79/86 MP: 12/12
 12867 | Lair:1   | Reached skill level 10 in Stealth
 14251 | Lair:2   | Found a staircase to the Snake Pit.
 14792 | Lair:2   | Found a staircase to the Shoals.
 15566 | Lair:3   | Found a glowing silver altar of Zin.
 15713 | Lair:3   | Reached XP level 13. HP: 43/92 MP: 13/13
 16327 | Lair:3   | Reached skill level 10 in Shapeshifting
 17282 | Lair:4   | Reached skill level 10 in Fighting
 17897 | Lair:4   | Found a viscous altar of Jiyva.
 17901 | Lair:4   | Found a staircase to the Slime Pits.
 18390 | Lair:4   | Reached skill level 10 in Evocations
 18624 | Lair:4   | Reached skill level 11 in Stealth
 18952 | Lair:5   | Entered Level 5 of the Lair of Beasts
 19118 | Lair:5   | Reached XP level 14. HP: 30/99 MP: 14/14
 21298 | D:12     | Noticed Josephine
 21315 | D:12     | Killed Josephine
 21528 | D:12     | Acquired the +2 hood of the Assassin {Detect Stab+ Stlth++}
 21528 | D:12     | Found the +2 hood of the Assassin {Detect Stab+ Stlth++}
 21882 | D:12     | Reached skill level 12 in Stealth
 22168 | D:12     | Found a staircase to the Orcish Mines.
 22199 | D:12     | Found a hide-covered altar of Uskayaw.
 22827 | Orc:1    | Entered Level 1 of the Orcish Mines
 23035 | Orc:2    | Entered Level 2 of the Orcish Mines
 23035 | Orc:2    | Found Rihas's General Store.
 23178 | Orc:2    | Noticed an orc warlord
 23183 | Orc:2    | Found a staircase to the Elven Halls.
 23574 | Snake:1  | Entered Level 1 of the Snake Pit
 24144 | Snake:1  | Learned a level 1 spell: Apportation
 25254 | Snake:1  | Reached XP level 15. HP: 108/108 MP: 15/15
 26469 | Snake:2  | Noticed Shayle's ghost (adept CoAl)
 26482 | Snake:2  | Noticed a nagaraja
 26497 | Snake:2  | Found a runed translucent gate.
 26497 | Snake:2  | Found a runed translucent gate.
 26497 | Snake:2  | Found a runed translucent gate.
 26560 | Snake:2  | Reached skill level 13 in Stealth
 26613 | Snake:2  | Found a transporter.
 26772 | D:8      | Bought a granite talisman for 1200 gold pieces
 26772 | D:8      | Bought a +4 ring of protection for 720 gold pieces
 27064 | Lair:5   | Found a large runed translucent door.
 27064 | Lair:5   | Found a large runed translucent door.
 27101 | Lair:5   | Acquired the ring of Greed {Will+ rCorr}
 27505 | D:8      | Bought the ring of the Zebrataur {EV+5 Str+3} for 986 gold
                  | pieces
 27665 | Orc:1    | Killed an orc warlord
 27733 | Orc:2    | Found Olexko's Jewellery Shop.
 27862 | Orc:2    | Bought a ring of positive energy for 200 gold pieces
 28064 | Orc:2    | Found Fawan's Antique Weapon Shoppe.
 28205 | Orc:2    | Found Vakyol's Antique Armour Boutique.
 28763 | Orc:2    | Bought a ring of see invisible for 150 gold pieces
 28978 | Shoals:1 | Entered Level 1 of the Shoals
 30329 | Shoals:2 | Reached XP level 16. HP: 68/116 MP: 16/16
 30874 | Shoals:2 | Reached skill level 15 in Shapeshifting
 31171 | Shoals:2 | Identified the serpent talisman of Indemnity {rC- rCorr
                  | Dex+2 Slay+4}
 31171 | Shoals:2 | Noticed Aizul
 31181 | Shoals:2 | Killed Aizul
 31700 | Shoals:3 | Noticed a kraken
 32381 | Shoals:3 | Found Tisacvit's Assorted Antiques.
 33048 | Shoals:3 | Noticed a kraken
 33230 | Shoals:4 | Entered Level 4 of the Shoals
 33233 | Shoals:4 | Noticed Polyphemus
 33264 | Shoals:4 | Killed Polyphemus
 33265 | Shoals:4 | Reached skill level 1 in Spellcasting
 33265 | Shoals:4 | Reached skill level 1 in Translocations
 34083 | Shoals:4 | Identified the +7 sling of the Stopping Hero {flame, rN+
                  | Dex+4}
 34118 | Shoals:4 | Reached XP level 17. HP: 121/121 MP: 20/20
 34500 | Shoals:4 | Got a barnacled rune of Zot
 34742 | Shoals:4 | Found Vouhud's Weapon Shoppe.
 34749 | Shoals:4 | Reached skill level 10 in Dodging
 34917 | Shoals:4 | Identified the +9 war axe of Dishonesty {pain, Will+ rCorr}
 35006 | Shoals:4 | Identified the amulet "Arphaduru" {Spirit rPois Will++
                  | Str-5 Int+4}
 35916 | Snake:2  | Found a transporter.
 36177 | Snake:2  | Reached skill level 5 in Translocations
 36198 | Snake:2  | Reached skill level 14 in Stealth
 36283 | Snake:2  | Identified the ring "Qitu" {Wiz Dex+4}
 36762 | Snake:3  | Found a glacial archway.
 36789 | Snake:3  | Reached skill level 5 in Spellcasting
 36849 | IceCv    | Entered an ice cave
 37296 | IceCv    | Got the Annotations on Hail and Abominable Rituals
 37348 | IceCv    | Reached XP level 18. HP: 94/128 MP: 26/26
 38965 | Snake:4  | Entered Level 4 of the Snake Pit
 39004 | Snake:4  | Reached skill level 15 in Stealth
 39263 | Snake:4  | Acquired a book of Blasting
 39270 | Snake:4  | Learned a level 4 spell: Iskenderun's Mystic Blast
 39368 | Snake:4  | Reached skill level 1 in Conjurations
 40145 | Snake:4  | Got a serpentine rune of Zot
 40570 | D:8      | Bought the ring "Illiraich" {rElec Will+ Str+3} for 906
                  | gold pieces
 40705 | D:13     | Reached XP level 19. HP: 135/135 MP: 27/29
 40831 | D:13     | Found the +4 Cigotuvi's embrace {Corpsefed rMiasma ^Drain
                  | rN+}
 40928 | D:13     | Noticed Nessos
 40933 | D:13     | Killed Nessos
 41091 | D:13     | Found Fugg's Armour Emporium.
 41173 | D:13     | Found a gate to the Vaults.
 41579 | D:14     | Found a runed translucent gate.
 41579 | D:14     | Found a runed translucent gate.
 41579 | D:14     | Found a runed translucent gate.
 41637 | D:14     | Identified the ring "Hieb" {Fly MP+9}
 41639 | D:14     | Noticed Aqeufiess's ghost (journeyman OpFE)
 41690 | D:14     | Reached skill level 5 in Conjurations
 42079 | D:14     | Reached skill level 16 in Stealth
 42383 | D:15     | Entered Level 15 of the Dungeon
 42463 | D:15     | Found a broken altar of Ashenzari.
 42637 | D:15     | Found a staircase to the Depths.
 42721 | D:15     | Identified the +3 long sword of Bafes {protect, rPois rF-
                  | Dex+4 SInv}
 43143 | Elf:1    | Entered Level 1 of the Elven Halls
 43652 | Elf:1    | Got the Directory of Illusion
 44224 | Elf:2    | Found a runed translucent gate.
 44225 | Elf:2    | Found a runed translucent gate.
 44225 | Elf:2    | Found a runed translucent gate.
 44288 | Elf:2    | Found a huge runed translucent gate.
 44288 | Elf:2    | Found a huge runed translucent gate.
 44288 | Elf:2    | Found a huge runed translucent gate.
 44288 | Elf:2    | Found a huge runed translucent gate.
 44288 | Elf:2    | Found a huge runed translucent gate.
 44288 | Elf:2    | Found a huge runed translucent gate.
 44288 | Elf:2    | Found a huge runed translucent gate.
 44288 | Elf:2    | Found a huge runed translucent gate.
 44288 | Elf:2    | Found a huge runed translucent gate.
 44289 | Elf:2    | Found a huge runed translucent gate.
 44290 | Elf:2    | Found a huge runed translucent gate.
 44292 | Elf:2    | Found a huge runed translucent gate.
 44293 | Elf:2    | Found a huge runed translucent gate.
 44294 | Elf:2    | Found a huge runed translucent gate.
 44296 | Elf:2    | Found a huge runed translucent gate.
 44296 | Elf:2    | Found a huge runed translucent gate.
 44308 | Elf:2    | Found a huge runed translucent gate.
 44309 | Elf:2    | Found a huge runed translucent gate.
 44310 | Elf:2    | Found a huge runed translucent gate.
 44311 | Elf:2    | Found a huge runed translucent gate.
 44311 | Elf:2    | Found a huge runed translucent gate.
 44368 | Elf:2    | Found a huge runed translucent gate.
 44369 | Elf:2    | Found a huge runed translucent gate.
 44376 | Elf:2    | Found a huge runed translucent gate.
 44376 | Elf:2    | Found a huge runed translucent gate.
 44377 | Elf:2    | Found a huge runed translucent gate.
 44378 | Elf:2    | Found a huge runed translucent gate.
 44393 | Elf:2    | Found a huge runed translucent gate.
 44394 | Elf:2    | Found a huge runed translucent gate.
 44394 | Elf:2    | Found a huge runed translucent gate.
 44399 | Elf:2    | Found a huge runed translucent gate.
 44403 | Elf:2    | Found a huge runed translucent gate.
 44403 | Elf:2    | Found a huge runed translucent gate.
 44403 | Elf:2    | Found a huge runed translucent gate.
 44403 | Elf:2    | Found a huge runed translucent gate.
 44411 | Elf:2    | Found a huge runed translucent gate.
 44691 | Elf:2    | Reached XP level 20. HP: 144/144 MP: 31/31
 44954 | Elf:3    | Entered Level 3 of the Elven Halls
 45049 | Elf:3    | Found a flickering gateway to a bazaar.
 45062 | Bazaar   | Entered a bazaar
 45066 | Bazaar   | Found Citasm's Armour Boutique.
 45085 | Bazaar   | Found Omiahe's Antique Armour Shoppe.
 45103 | Bazaar   | Found Olaqomu's Book Boutique.
 45120 | Bazaar   | Found Icaisi's Antique Weapon Emporium.
 45175 | Elf:3    | Found Lowk's Jewellery Emporium.
 45177 | Elf:3    | Found Juis's Antique Weapon Shoppe.
 46374 | Vaults:1 | Entered Level 1 of the Vaults
 46555 | Vaults:1 | Identified the +4 war axe of Fedhas, Witching {freeze, Fly
                  | Int+5}
 46644 | Vaults:1 | Reached skill level 17 in Stealth
 47147 | Vaults:1 | Reached skill level 15 in Unarmed Combat
 47468 | Vaults:1 | Reached skill level 15 in Fighting
 48859 | Vaults:2 | Found a staircase to the Crypt.
 49211 | Vaults:2 | Reached XP level 21. HP: 151/151 MP: 33/33
 50491 | Vaults:3 | Reached skill level 10 in Conjurations
 50587 | Vaults:3 | Learned a level 9 spell: Fire Storm
 50955 | Vaults:3 | Reached skill level 18 in Stealth
 51188 | Vaults:3 | Noticed Donald
 51198 | Vaults:3 | Killed Donald
 51291 | Vaults:3 | Identified the +5 mace of Nairic {antimagic, Str+2}
 52088 | Vaults:4 | Found Dusaxzim's Armour Emporium.
 52702 | Vaults:4 | Reached XP level 22. HP: 159/159 MP: 34/34
 53230 | Crypt:1  | Entered Level 1 of the Crypt
 53263 | Crypt:1  | Reached skill level 19 in Stealth
 53661 | Crypt:1  | Identified the +4 halberd of Uleokule {venom, *Slow rC+
                  | rN++}
 53828 | Crypt:1  | Noticed Mennas
 53838 | Crypt:1  | Killed Mennas
 55133 | Crypt:3  | Entered Level 3 of the Crypt
 56142 | Crypt:3  | Found a staircase to the Tomb.
 56511 | Crypt:3  | Reached skill level 20 in Stealth
 56513 | Crypt:3  | Reached XP level 23. HP: 167/167 MP: 35/35
 56565 | Crypt:3  | Found an ancient bone altar of Kikubaaqudgha.
 56753 | Crypt:3  | Noticed a dread lich
 56760 | Crypt:3  | Killed a dread lich
 56766 | Crypt:3  | Identified the ring of Zunadorgh {*Slow rF+ rN++ MP+9
                  | Str+4}
 56766 | Crypt:3  | Identified the ring of Disaster {Fire rPois rN++ Str+5
                  | Dex-2 Stlth+}
 56794 | Crypt:3  | Identified the +3 spear "Pabiac" {elec, rF++}
 56860 | Crypt:3  | Got Kikubaaqudgha's Incunabulum of Corpses
 57451 | Depths:1 | Entered Level 1 of the Depths
 57474 | Depths:1 | Identified the blade talisman of Cheibriados's Whim {rElec
                  | Will+ Str+2}
 57680 | Depths:1 | Found Wetijy's Assorted Antiques.
 57712 | Depths:1 | Noticed Saint Roka
 57720 | Depths:1 | Killed Saint Roka
 57742 | Depths:1 | Found a gateway to Hell.
 57760 | Depths:1 | Reached skill level 15 in Dodging
 58207 | Depths:1 | Identified the ring of the Nine Dreams {AC+4 SInv Stlth+}
 58356 | Depths:1 | Found Gozag's Platinum Reserve.
 58358 | Depths:1 | Found an opulent altar of Gozag.
 58733 | Depths:1 | Found a one-way gate to the infinite horrors of the Abyss.
 59232 | Depths:2 | Noticed a golden dragon
 59239 | Depths:2 | Killed a golden dragon
 59321 | Depths:2 | Identified the +6 longbow "Wolije" {freeze, rCorr}
 59528 | Depths:2 | Found a one-way gate leading to the halls of Pandemonium.
 59916 | Depths:2 | Found a shimmering blue altar of Sif Muna.
 60157 | Depths:3 | Reached skill level 21 in Stealth
 60378 | Depths:3 | Reached XP level 24. HP: 120/175 MP: 35/35
 60398 | Depths:3 | Noticed a juggernaut
 60405 | Depths:3 | Killed a juggernaut
 60437 | Depths:3 | Noticed a caustic shrike
 60451 | Depths:3 | Killed a caustic shrike
 61185 | Depths:3 | Found a one-way gateway to a ziggurat.
 61637 | Depths:3 | Noticed a caustic shrike
 61645 | Depths:3 | Killed a caustic shrike
 61646 | Depths:3 | Reached skill level 15 in Evocations
 61693 | Depths:3 | Noticed an ancient lich
 61711 | Depths:3 | Killed an ancient lich
 62282 | Depths:3 | Identified the staff "Omelette" {rElec rPois Dex+5 Alchemy}
 62284 | Depths:3 | Got the Almanac of the Enthralled Fjord
 62400 | Depths:3 | Reached skill level 22 in Stealth
 62797 | Depths:3 | Found the +5 Lochaber axe {reach-cleave, Poleaxe ^Drain}
 62904 | Depths:3 | Found Itolopik's Jewellery Emporium.
 62904 | Depths:3 | Found Idec's Book Shop.
 62905 | Depths:3 | Found Cyebock's Jewellery Emporium.
 62952 | Depths:4 | Entered Level 4 of the Depths
 62961 | Depths:4 | Noticed Sojobo
 62968 | Depths:4 | Paralysed by an air elemental for 1 turns
 63084 | Depths:4 | Killed Sojobo
 63085 | Depths:4 | Reached XP level 25. HP: 183/183 MP: 35/35
 63758 | Vaults:5 | Entered Level 5 of the Vaults
 63760 | Vaults:5 | Noticed an ancient lich
 63791 | Vaults:5 | Killed an ancient lich
 63798 | Vaults:5 | Identified the +4 war axe "Baig Pist" {holy, ^Contam rF+
                  | rN++ Stlth+}
 63799 | Vaults:5 | Found Retos's Antique Armour Boutique.
 63808 | Vaults:5 | Noticed an ancient lich
 63862 | Vaults:5 | Identified the +8 hand axe of Fortitude {vamp, ^Contam
                  | rElec Dex+7}
 63965 | Vaults:5 | Killed an ancient lich
 64038 | Vaults:5 | Found Tielieta's Weapon Emporium.
 64041 | Vaults:5 | Got Lusul's Parchment of the Voyage
 64389 | Vaults:5 | Identified the orb of Mysticism {light, rF++ Dex-5 Slay+3
                  | Summ}
 64389 | Vaults:5 | Noticed Frederick
 64397 | Vaults:5 | Killed Frederick
 64398 | Vaults:5 | Reached skill level 23 in Stealth
 64664 | Vaults:5 | Identified the +11 short sword of Qadieh {freeze, rPois
                  | rN++ Str+3}
 64664 | Vaults:5 | Identified the ring "Jeifink" {*Slow rF+ Will+ Str+3
                  | Stlth+}
 64817 | Vaults:5 | Identified the staff of the Illusory Loafs {rElec rF- rC-
                  | Str+5 Air}
 65375 | Vaults:5 | Got the Omnibus of Turbulence
 65434 | Vaults:5 | Got a silver rune of Zot
 65618 | Vaults:5 | Learned a level 3 spell: Fugue of the Fallen
 66271 | Orc:2    | Bought the amulet "Sietom" {Spirit rC+ rN+ Dex+4} for 566
                  | gold pieces
 67458 | Slime:1  | Entered Level 1 of the Pits of Slime
 67470 | Lair:4   | Reached skill level 1 in Shields
 68629 | Slime:3  | Reached skill level 5 in Shields
 68655 | Slime:4  | Reached XP level 26. HP: 191/191 MP: 35/35
 69406 | Slime:5  | Entered Level 5 of the Pits of Slime
 69467 | Slime:5  | Found a viscous altar of Jiyva.
 69486 | Slime:5  | Noticed the Royal Jelly
 69668 | Slime:5  | the Royal Jelly changed into a shard shrike shaped Royal
                  | Jelly
 69668 | Slime:5  | Noticed a shard shrike shaped Royal Jelly
 69671 | Slime:5  | Killed a shard shrike shaped Royal Jelly
 69922 | Slime:5  | Got the Almanac of the Geologist
 69937 | Slime:5  | Identified the +8 halberd "Xutor" {pain, rC+}
 69941 | Slime:5  | Got a slimy rune of Zot
 69980 | Slime:5  | Identified the ring of Pown {Fire rPois Int-3 Dex+2 Slay+5}
 69987 | Slime:5  | Identified the staff "Qesu" {rElec rPois Stlth- Air Earth
                  | Alchemy}
 69990 | Slime:5  | Identified the +9 mace "Figusif" {flame, rElec Will++}
 70046 | Slime:5  | Identified the +0 tower shield "Saen" {Fly rPois rF- Int+2}
 70063 | Slime:5  | Got the Quarto of Marshalled Elsewhere
 70074 | Slime:5  | Learned a level 6 spell: Dispersal
 70082 | Slime:5  | Learned a level 7 spell: Manifold Assault
 71204 | Elf:3    | Reached skill level 10 in Shields
 71297 | Elf:3    | Identified the ring of the Bouncing Blessings {rN+ Dex+2}
 71317 | Elf:3    | Identified the ring "Ahaorran" {rPois Int+4}
 71325 | Elf:3    | Identified the +6 scale mail "Munt" {rN+ Regen+ Int-5
                  | Stlth+}
 71392 | Elf:3    | Identified the +3 whip of Gravity {freeze, Str+3}
 71394 | Elf:3    | Identified the +1 ring mail of the Dwarven Hall {rElec}
 71397 | Elf:3    | Identified the +4 ring mail of Undesirable Species {Dex+2}
 71405 | Elf:3    | Identified the +4 war axe of the Realm of Zot {speed, Will+
                  | MP+9}
 71411 | Elf:3    | Identified the staff "Tesolut" {rPois rC+ rN+ Dex-3 Ice
                  | Earth}
 71875 | Depths:4 | Reached skill level 1 in Necromancy
 72207 | Depths:4 | Reached skill level 10 in Translocations
 72217 | Depths:4 | Found a gate to the Realm of Zot.
 73069 | Depths:4 | Upgraded the game from 0.32-a0-953-g508020473e to
                  | 0.32-a0-975-g85d4e5bfdb
 73610 | Zot:1    | Entered Level 1 of the Realm of Zot
 73769 | Zot:1    | Reached skill level 5 in Necromancy
 73803 | Zot:1    | Reached XP level 27. HP: 169/197 MP: 30/35
 74091 | Zot:1    | Noticed an orb of fire
 74091 | Zot:1    | Gained mutation: Your body sometimes deteriorates upon
                  | taking damage. [an orb of fire]
 74092 | Zot:1    | Gained mutation: You occasionally lose the ability to read
                  | scrolls when taking damage. [an orb of fire]
 74097 | Zot:1    | Gained mutation: You are weak. (Str -2) [an orb of fire]
 74099 | Zot:1    | Gained mutation: You are occasionally teleported next to
                  | monsters. [an orb of fire]
 74102 | Zot:1    | Gained mutation: You are very weak. (Str -4) [an orb of
                  | fire]
 74103 | Zot:1    | Killed an orb of fire
 74142 | Zot:1    | Found the +10 dark maul {heavy}
 75198 | Zot:2    | Lost mutation: You are very weak. (Str -4) [potion of
                  | mutation]
 75198 | Zot:2    | Lost mutation: You occasionally lose the ability to read
                  | scrolls when taking damage. [potion of mutation]
 75198 | Zot:2    | Gained mutation: You do not regenerate when monsters are
                  | visible. [potion of mutation]
 75198 | Zot:2    | Gained mutation: You are agile. (Dex +4, Str/Int -1)
                  | [potion of mutation]
 75204 | Zot:2    | Lost mutation: Your body sometimes deteriorates upon taking
                  | damage. [potion of mutation]
 75204 | Zot:2    | Lost mutation: You do not regenerate when monsters are
                  | visible. [potion of mutation]
 75204 | Zot:2    | Gained mutation: Your mind is acute. (Int +4, Str/Dex -1)
                  | [potion of mutation]
 75205 | Zot:2    | Lost mutation: You are occasionally teleported next to
                  | monsters. [potion of mutation]
 75205 | Zot:2    | Lost mutation: Your mind is acute. (Int +4, Str/Dex -1)
                  | [potion of mutation]
 75205 | Zot:2    | Lost mutation: You are weak. (Str -2) [potion of mutation]
 75205 | Zot:2    | Gained mutation: You are dopey. (Int -2) [potion of
                  | mutation]
 75205 | Zot:2    | Gained mutation: You are very dopey. (Int -4) [potion of
                  | mutation]
 75277 | Zot:2    | Noticed a dread lich
 75363 | Zot:2    | Killed a dread lich
 75450 | Zot:2    | Learned a level 4 spell: Vhi's Electric Charge
 75457 | Zot:2    | Learned a level 6 spell: Gell's Gavotte
 75731 | Zot:2    | Reached skill level 15 in Translocations
 76480 | Zot:2    | Found the +4 dragonskin cloak {Aegis}
 76480 | Zot:2    | Noticed Tiamat
 76501 | Zot:2    | Killed Tiamat
 77080 | Zot:3    | Acquired 675 gold pieces
 77422 | Zot:3    | Found the +13 sword of the Doom Knight {doom -Cast ^Drain
                  | Will+}
 77443 | Zot:3    | Identified the dragon-blood talisman of the Slightly Bent
                  | {Str+4 Int-3 Dex+3 Stlth+}
 77452 | Zot:3    | Got the Atlas of the Jinx
 78752 | Zot:4    | Found a shimmering altar of Xom.
 78753 | Zot:4    | Found a shimmering altar of Xom.
 78753 | Zot:4    | Found a shimmering altar of Xom.
 78754 | Zot:4    | Found a shimmering altar of Xom.
 78754 | Zot:4    | Found a glowing silver altar of Zin.
 78796 | Zot:4    | Found a shimmering altar of Xom.
 79003 | Zot:4    | Noticed Parghit
 79011 | Zot:4    | Killed Parghit
 79484 | Zot:5    | Entered Level 5 of the Realm of Zot
 79999 | Zot:5    | Noticed an ancient lich
 80011 | Zot:5    | Killed an ancient lich
 80013 | Zot:5    | Killed an ancient lich
 80050 | Zot:5    | Noticed an orb of fire
 80057 | Zot:5    | Noticed an ancient lich
 80058 | Zot:5    | Noticed an orb of fire
 80066 | Zot:5    | Killed a dread lich
 80066 | Zot:5    | Killed an orb of fire
 80132 | Zot:5    | Noticed an orb of fire
 80203 | Zot:5    | Killed an orb of fire
 80210 | Zot:5    | Noticed an orb of fire
 80373 | Zot:5    | Noticed an orb of fire
 80680 | Zot:5    | Got the Orb of Zot
 81026 | D:10     | Noticed Fyeffosch the pandemonium lord
 81031 | D:10     | Killed Fyeffosch the pandemonium lord
 81057 | D:9      | Noticed Teuwkan the pandemonium lord
 81065 | D:9      | Killed Teuwkan the pandemonium lord
 81235 | D:$      | Escaped with the Orb!

Illustrated notes

Levels and vault maps discovered:
D:1:      dpeg_arrival_tiny_a, layout_rooms
D:2:      layout_basic
D:3:      layout_basic, mainiacjoe_overflow_brackets, amcnicky_altar_gilded,
          nicolae_tso_carved_into_rock, grunt_dithmenos_smoke,
          lemuel_tele_altar, minmay_misc_feat_cross, minmay_misc_feat_tower,
          uniq_ijyb
D:4:      layout_basic
D:5:      layout_cave_pools, minmay_temple_entry_large_hall, uniq_eustachio
D:6:      layout_basic, kennysheep_mini, grunt_ministairs_14, uniq_grinder,
          uniq_menkaure
D:7:      layout_gridville, mainiacjoe_overflow_small_starburst, serial_shops,
          nicolae_shop_statue_plus, kennysheep_small_circle, uniq_maurice
D:8:      layout_loops_corners, nicolae_overflow_hidden_temple,
          lair_entry_dummy, uniq_psyche, uniq_pikel
D:9:      layout_rooms, trog_book
D:10:     layout_gridville, uniq_fannar
D:11:     layout_loops_ring, nicolae_underground_beach, uniq_grum, uniq_sonja
D:12:     layout_gridville, orc_0_dummy,
          nicolae_uskayaw_murder_on_the_dancefloor, uniq_josephine
D:13:     layout_roguey, hellmonk_vaults_attempted_burglary, serial_shops,
          nicolae_shop_tiny_waterfront, hellmonk_guarded_unrand_cigotuvi,
          uniq_nessos
D:14:     layout_basic, maelrawn_ghost_gauntlet_escape, serial_undead,
          serial_undead_c, serial_undead_b, serial_undead_e, serial_undead_a,
          serial_undead_a, serial_undead_a, nrook_uturn, grunt_decor_cap
D:15:     grunt_enter_depths_giant_problem, layout_cave_pools,
          cheibrodos_ashenzari_chains, wad_mini_maze
Temple:   nicolae_temple_figure_eight
Lair:1:   beast_lair_carwin_large_1, layout_hall_layers, ldierk_geyser,
          minmay_lair_oklob_bushes
Lair:2:   layout_regular_city, minmay_shoals_entry_hut,
          minmay_snake_entry_six_corridors, nicolae_lair_run_with_the_wolves
Lair:3:   lemuel_ratsnest, layout_cave_shapes, basic_altar, fungi_pond_lemuel,
          chequers_serial_rivers_room_b, lemuel_fruit_fields,
          serial_bayou_shore_a
Lair:4:   layout_regular_city, nicolae_slime_entry_field_trip,
          grunt_megastairs_2, serial_bayou_shore_b
Lair:5:   cheibrodos_lair_end_hotspot, layout_regular_city,
          infiniplex_staircase_pool_2
Shoals:1: layout_shoals
Shoals:2: layout_shoals, nicolae_shoals_the_drawing_of_the_three, uniq_aizul
Shoals:3: layout_shoals, serial_shops, nicolae_shop_back_alley_shop,
          st_shoals_ruin
Shoals:4: shoals_end_grunt_ice, layout_shoals, serial_shops, shop,
          uniq_polyphemus
Snake:1:  layout_layer_cave
Snake:2:  gammafunk_the_bubble [the_bubble_gammafunk_grid], layout_cave_town,
          gammafunk_ghost_split
Snake:3:  layout_concentric_octagons, portal_ice_cave_entry_ugly_swarm,
          grunt_ministairs_2, nicolae_elevator_lobby_plus
Snake:4:  johnstein_snake_rune_scales, layout_onion_interference
Slime:1:  layout_caves
Slime:2:  layout_caves
Slime:3:  layout_caves
Slime:4:  layout_caves
Slime:5:  slime_pit_nicolae_trefoil
Orc:1:    layout_diamond_mine
Orc:2:    grunt_orc_gardens, layout_diamond_mine, grunt_orc_garden,
          grunt_orc_garden, grunt_orc_garden, grunt_orc_garden,
          nicolae_orc_lava_tube
Elf:1:    layout_gridlike, minmay_elf_demonology
Elf:2:    nicolae_elf_blades_crystal_corner, layout_geoelf_grid, door_vault
Elf:3:    minmay_elf_hall_four_x, layout_loops_corners, serial_shops,
          statue_bzr, minmay_shoptagon
Vaults:1: vaults_mumra_hexcomb, v_alt_pattern_6,
          nicolae_vaults_storage_closets_3, nicolae_vaults_security_offices_6,
          v_misc_18, vaults_mumra_minichess_inversion,
          nicolae_vaults_surprise_closet, hangedman_vaults_impose,
          ontoclasm_vaults_hangar, nicolae_vaults_trapezoid_1,
          layout_vaults_big_room
Vaults:2: nicolae_vaults_mitosis, vaults_dpeg_doors,
          nicolae_vaults_network_barrier, nicolae_vaults_offset_grid_hallway_1,
          nicolae_vaults_triangles, nicolae_vaults_storage_closets_1,
          ontoclasm_vaults_fault, nicolae_vaults_storage_closets_2, v_rooms_1,
          minmay_crypt_entry_simple_walls, nicolae_vaults_apartment_2,
          nicolae_vaults_security_offices_1, layout_vaults_omnigrid
Vaults:3: ontoclasm_vaults_ring_small, v_rooms_4, nicolae_vaults_tetromino_Z_1,
          nicolae_vaults_cornered_office, vaults_room_grid,
          nicolae_vaults_network_s, vaults_dpeg_cross,
          nicolae_vaults_network_square, vaults_mumra_chevron,
          ontoclasm_vaults_ring_small, vaults_mumra_minichess,
          nicolae_vaults_diamond_1, hangedman_vaults_maws, layout_vaults_ring,
          uniq_donald
Vaults:4: nicolae_vaults_heist, nicolae_vaults_little_squares_5,
          nicolae_vaults_twisting_passages, grunt_vaults_funnel,
          nicolae_whirlpool, nicolae_vaults_network_quincunx
          [nicolae_vaults_network_quincunx_subvault,
          nicolae_vaults_network_quincunx_subvault,
          nicolae_vaults_network_quincunx_subvault,
          nicolae_vaults_network_quincunx_subvault,
          nicolae_vaults_network_quincunx_subvault],
          nicolae_vaults_stepped_doors, nicolae_vaults_tetromino_T_2,
          nicolae_vaults_trapezoid_1, hangedman_vaults_capsules,
          nicolae_vaults_little_squares_6, vaults_room_ringed_pool,
          nicolae_vaults_circle_grid_a, ontoclasm_vaults_pinch,
          layout_vaults_maze_bifur, serial_shops, nicolae_diamond_shop
Vaults:5: uniq_frederick
Crypt:1:  layout_chaotic_city, uniq_grunn, uniq_mennas
Crypt:2:  layout_regular_city, corexii_leaking_fountain
Crypt:3:  evilmike_haunted_forest
Depths:1: layout_twisted_cross, serial_shops, nicolae_shop_tiny_real_fake_doors,
          hangedman_abyss_entry_splay, hellmouth_3,
          nicolae_gozag_zags_fifth_avenue, uniq_saint_roka
Depths:2: minmay_octo_star, layout_honeycomb, hangedman_coc_ice_floe,
          minmay_misc_feat_four_crosses, rand_demon_pan_entry_7,
          nicolae_abyss_entry_one_way_or_another, kennysheep_path_1,
          lemuel_blue_sif_altar
Depths:3: minmay_octagon_city, layout_gridlike, enter_ziggurat_e,
          kennysheep_flooded_box, hell_entry, abyss_entry,
          nicolae_zig_zag_zippers, minmay_shop_grove
Depths:4: grunt_zot_entry_funnels, layout_cave_pools, abyss_entry,
          rand_demon_pan_entry_8, serial_bayou_pond_c, pf_hell_entry_tar_spiral,
          uniq_sojobo
Zot:1:    kennysheep_bubbly, layout_onion, hangedman_zot_decor_tridents,
          regret_index_zotdec_fiery_em, hangedman_zot_decor_slant,
          hangedman_zot_diagonal_lockstep
Zot:2:    grunt_deathspiral_small, layout_cathedral_of_symmetry,
          regret_index_zotdec_carving_tricks, uniq_tiamat
Zot:3:    layout_twisted_circle, st_grand_hoard_of_tiamat
Zot:4:    dreamdust_zin_vs_xom, layout_basic, uniq_parghit
Zot:5:    layout_concentric_octagons, grunt_ministairs_6

Skill      XL: |  1  2  3  4  5  6  7  8  9 10 11 12 13 14 15 16 17 18 19 20 21 22 23 24 25 26 27 |
---------------+----------------------------------------------------------------------------------+-----
Stealth        | 1 2 3 4 5 6 8 9 10 11 12 13 14 15 16 17 18 20 21 22 23 | 23.2
Fighting       | 2 3 4 5 6 8 9 10 12 13 14 15 16 17 18 19 | 19.9
Unarmed Combat | 4 5 6 7 9 10 11 12 13 14 15 16 17 18 19 | 19.9
Evocations     | 1 2 3 4 5 6 9 10 11 12 13 14 15 16 | 16.3
Dodging        | 3 4 5 6 7 8 9 10 11 12 13 14 15 16 17 | 17.1
Shapeshifting  | 4 5 6 9 10 11 14 16 17 18 19 20 21 | 21.4
Spellcasting   | 2 5 6 7 8 |  8.8
Translocations | 2 6 10 20 | 20.0
Conjurations   | 4 7 9 10 | 10.0
Shields        | 5 11 12 | 12.4
Necromancy     | 5 |  5.3

Action                     |  1- 3 |  4- 6 |  7- 9 | 10-12 | 13-15 | 16-18 | 19-21 | 22-24 | 25-27 || total
---------------------------+-------+-------+-------+-------+-------+-------+-------+-------+-------++-------
  Melee: Unarmed           |    64 |   102 |   179 |   444 |   799 |   842 |   873 |   959 |  1255 ||  5517
         Constrict         |    22 |    21 |    38 |    79 |   166 |   120 |   112 |   124 |   168 ||   850
         Punch             |     3 |     4 |     9 |    25 |    44 |    92 |   118 |   145 |   214 ||   654
         Tentacles         |    11 |    18 |    32 |    99 |    99 |   216 |   226 |   305 |   391 ||  1397
         Maw               |       |       |       |       |    45 |       |       |       |       ||    45
   Cast: Manifold Assault  |       |       |       |       |       |       |       |       |    24 ||    24
         Fugue of the Fall |       |       |       |       |       |       |       |       |     2 ||     2
         Apportation       |       |       |       |       |       |       |       |       |     1 ||     1
         Vhi's Electric Ch |       |       |       |       |       |       |       |       |     1 ||     1
 Invoke: Potion Petition   |       |       |       |     2 |     1 |     2 |     6 |     9 |    10 ||    30
         Call Merchant     |       |       |       |       |     2 |       |       |       |       ||     2
         Bribe Branch      |       |       |       |       |       |       |       |       |     4 ||     4
  Evoke: Wand              |       |       |       |    43 |    23 |    23 |     8 |    13 |    18 ||   128
         Condenser vane    |       |       |       |       |       |       |     2 |     3 |     4 ||     9
         Phial of floods   |       |       |       |       |       |       |       |       |     3 ||     3
         Lightning rod     |       |       |       |       |       |       |       |       |     2 ||     2
    Use: Scroll            |     4 |     2 |     3 |     6 |    16 |    13 |     8 |     3 |    19 ||    74
         Potion            |       |     1 |     5 |     7 |     3 |     9 |     1 |     2 |    14 ||    42
   Stab: Sleeping          |     5 |     8 |     6 |    22 |    40 |    36 |   102 |    47 |    34 ||   300
         Distracted        |       |       |     2 |     5 |     4 |    12 |    16 |     8 |    32 ||    79
         Invisible         |       |       |       |    17 |     7 |     4 |     3 |     9 |       ||    40
         Paralysed         |       |       |       |       |       |       |     2 |     2 |       ||     4
 Armour: Skin              |    29 |    55 |   150 |   230 |   598 |   942 |   737 |   841 |   899 ||  4481
  Dodge: Dodged            |    43 |    44 |    85 |   206 |   473 |  1011 |   929 |   960 |  1105 ||  4856
  Block: Other             |       |       |       |     8 |   146 |   204 |   194 |   194 |    25 ||   771
         Reflection        |       |       |       |       |     7 |    26 |    22 |     1 |    16 ||    72
         Kite shield       |       |       |       |       |       |       |       |       |   901 ||   901
   Form: Serpent           |       |       |       |       |     2 |       |       |       |       ||     2
         Maw               |       |       |       |       |     1 |       |       |       |       ||     1
         Statue            |       |       |       |       |     1 |       |       |     1 |     1 ||     3
         Dragon            |       |       |       |       |       |       |       |     1 |       ||     1
         Storm             |       |       |       |       |       |       |       |       |     1 ||     1

Table legend: (Time is in decaauts)
 A = Elapsed time spent in this place.
 B = Non-inter-level travel time spent in this place.
 C = Inter-level travel time spent in this place.
 D = Time resting spent in this place.
 E = Time spent auto-exploring this place.
 F = Levels seen in this place.
 G = Mean time per level.
                   A        B        C        D        E       F      G
               +--------+--------+--------+--------+--------+-----+--------+
         Total | 106333 |  95186 |  11147 |  22592 |  49440 |  58 | 1833.3 |
       Dungeon |  21016 |  16116 |   4900 |   3598 |   9727 |  15 | 1401.1 |
        Temple |      1 |      1 |      0 |      0 |      0 |   1 |    1.0 |
          Lair |  10602 |   9551 |   1051 |   4094 |   3867 |   5 | 2120.4 |
        Shoals |   9592 |   9331 |    261 |   3237 |   3202 |   4 | 2398.0 |
     Snake Pit |   8573 |   8138 |    435 |   1863 |   4302 |   4 | 2143.2 |
    Slime Pits |   4634 |   4524 |    110 |    451 |   3084 |   5 |  926.8 |
  Orcish Mines |   2721 |   2152 |    569 |    205 |   1327 |   2 | 1360.5 |
   Elven Halls |   5682 |   5368 |    314 |    852 |   2688 |   3 | 1894.0 |
        Vaults |  13979 |  12019 |   1960 |   2118 |   7192 |   5 | 2795.8 |
         Crypt |   5908 |   5603 |    305 |    753 |   3525 |   3 | 1969.3 |
        Depths |  11259 |  10582 |    677 |   3817 |   4366 |   4 | 2814.8 |
           Zot |  10510 |   9948 |    562 |    852 |   5710 |   5 | 2102.0 |
        Bazaar |    139 |    139 |      0 |      0 |      0 |   1 |  139.0 |
      Ice Cave |   1713 |   1713 |      0 |    748 |    448 |   1 | 1713.0 |
               +--------+--------+--------+--------+--------+-----+--------+

Top non-repeatable levels by time:
Depths:3: 4946 daAuts
Vaults:2: 4099 daAuts
 Snake:1: 3011 daAuts
 Crypt:3: 2984 daAuts
Shoals:2: 2938 daAuts
  Lair:2: 2855 daAuts
Vaults:5: 2791 daAuts
   Zot:2: 2741 daAuts
Vaults:1: 2627 daAuts
Vaults:3: 2554 daAuts
  Lair:5: 2550 daAuts
Shoals:3: 2494 daAuts
     D:8: 2353 daAuts
   Elf:3: 2293 daAuts
Depths:2: 2196 daAuts
